 Dungeon Crawl Stone Soup version 0.20-a0-495-g2241292 (webtiles) character file.

21 Amnesiac the Vexing (level 2, -1/19 HPs)
             Began as a Mummy Enchanter on Jan 18, 2017.
             Slain by Sigmund
             ... wielding a +0 scythe
              (6 damage)
             ... on level 2 of the Dungeon.
             The game lasted 00:01:46 (420 turns).

Amnesiac the Vexing (Mummy Enchanter)                Turns: 420, Time: 00:01:47

Health: -1/19      AC:  3    Str: 11    XL:     2   Next: 65%
Magic:  1/6        EV:  9    Int: 14    God:
Gold:   10         SH:  0    Dex: 12    Spells: 4/7 levels left

rFire    x . .     SeeInvis .   g - +2 dagger (drain)
rCold    + . .     Gourm    .   b - +0 robe
rNeg     + + +     Faith    .   (no shield)
rPois    ∞         Spirit   .   (no helmet)
rElec    .         Reflect  .   (no cloak)
rCorr    .         Harm     .   f - +0 pair of gloves
MR       .....                  (no boots)
Stlth    ++........             (no amulet)
Regen    0.1/turn               (no ring)
                                (no ring)

@: very slightly contaminated, constricted
A: no food or potions, fire vulnerability, cold resistance 1, negative energy
resistance 3, torment resistance, unbreathing
a: no special abilities


You were on level 2 of the Dungeon.
You were not hungry.

You visited 1 branch of the dungeon, and saw 2 of its levels.

You collected 10 gold pieces.

Inventory:

Hand Weapons
 a - a +1 dagger
 g - a +2 dagger of draining (weapon)
Armour
 b - a +0 robe (worn)
 f - a +0 pair of gloves (worn)
Scrolls
 d - a scroll of identify
 e - a scroll of fog
Books
 c - a book of Maledictions

   Spells                             Type                      Level
   a - Corona                         Hexes                        1
   b - Ensorcelled Hibernation        Hexes/Ice                    2
   c - Confuse                        Hexes                        3
   d - Tukima's Dance                 Hexes                        3
   e - Dazzling Spray                 Conjuration/Hexes            3


   Skills:
 - Level 1.0 Short Blades
 - Level 1.5 Dodging
 - Level 2.4 Stealth
 + Level 3.1 Spellcasting
 * Level 3.3 Hexes


You had 4 spell levels left.
You knew the following spells:

 Your Spells              Type           Power        Failure   Level  Hunger
f - Corona                Hex            ##.....      6%          1    N/A
z - Ensorcelled Hibernat  Hex/Ice        #.....       21%         2    N/A

Dungeon Overview and Level Annotations

Branches:
Dungeon (2/15)

Altars:

Annotations:
D:2 Sigmund


Innate Abilities, Weirdness & Mutations

You do not eat or drink.
Your flesh is vulnerable to fire.
You are immune to poison.
Your flesh is cold resistant. (rC+)
You are immune to negative energy. (rN+++)
You are immune to unholy pain and torment.
You can survive without breathing.


Message History

You hit the ball python.
The ball python is severely wounded.
The ball python bites you. The ball python barely misses you.
The giant cockroach barely misses you.
The leopard gecko bites you but does no damage.
The ball python closely misses you. The ball python grabs you.
The ball python constricts you.
You closely miss the ball python.
The ball python is severely wounded.
Sigmund barely misses you. The giant cockroach closely misses you.
The leopard gecko bites you. The ball python bites you.
The ball python constricts you.
You closely miss the ball python.
The ball python is severely wounded.
The giant cockroach bites you but does no damage.
The leopard gecko closely misses you. The ball python barely misses you.
* * * LOW HITPOINT WARNING * * *
The ball python constricts you.
Sigmund hits you from afar with a scythe.
You die...

#........
#........
#........
#........
#...(....
########........
#.......@.......
#......Ssl.#####
#.......@..#
#..........#
#..........#
#..........#
#..........#
#..........#
#..........#
#..........#
#.....†....#


You could see Sigmund, a leopard gecko, a giant cockroach and a ball python.

Vanquished Creatures
  An adder (D:2)
  2 oozes (D:1)
  A goblin (D:1)
  A kobold (D:1)
  A rat (D:1)
6 creatures vanquished.

Notes
Turn   | Place    | Note
-------+----------+-------------------------------------------
     0 | D:1      | Amnesiac the Mummy Enchanter began the quest for the Orb.
     0 | D:1      | Reached XP level 1. HP: 13/13 MP: 4/4
   152 | D:1      | Reached skill level 1 in Short Blades
   238 | D:1      | Reached XP level 2. HP: 15/19 MP: 5/5
   245 | D:1      | Learned a level 2 spell: Ensorcelled Hibernation
   402 | D:2      | Noticed Sigmund
   420 | D:2      | Slain by Sigmund

Vault maps used:
D:1:      erik_arrival_gehennom
D:2:      bloody_makhleb, first_bread, uniq_sigmund

Skill      XL: |  1  2 |
---------------+-------+-----
Short Blades   | 1 |  1.0
Hexes          | 3 |  3.3
Spellcasting   | 3 |  3.1
Dodging        | |  1.5
Stealth        | |  2.4

Action                   || total
-------------------------++-------
Melee: Dagger            ||    21
 Cast: Corona            ||     3
       Ensorcelled Hiber ||     3
  Use: Scroll            ||     1
 Stab: Sleeping          ||     4
Armor: Robe              ||     7
Dodge: Dodged            ||    21
